 Dungeon Crawl Stone Soup version 0.28-a0-1435-g82390b3a13 (webtiles) character file.

Game seed: 4629417383723969241

44 riojii the Magician (level 3, 8/25 HPs)
             Began as a Djinni Fire Elementalist on Jan 9, 2022.
             Quit the game on level 2 of the Dungeon.
             The game lasted 00:01:50 (1631 turns).

riojii the Magician (Djinni Fire Elementalist)      Turns: 1631, Time: 00:01:51

Health: 8/25       AC:  2    Str:  7    XL:     3   Next: 85%
Gold:   59         EV:  9    Int: 18    God:
                   SH:  0    Dex: 13

rFire   + + .      SeeInvis .   b - +0 dagger
rCold   x . .      Faith    .   (no shield)
rNeg    . . .      Spirit   .   a - +0 robe
rPois   ∞          Reflect  .   (no helmet)
rElec   .          Harm     .   (no cloak)
rCorr   .          Rampage  .   (no gloves)
Will    .....                   (boots unavailable)
Stlth   ++........              (no amulet)
HPRegen 0.08/turn               (no ring)
MPRegen 0.00/turn               (no ring)

@: flying, constricted
A: sickness immunity, fire resistance 2, cold vulnerability 1, float, innate
caster, hp casting, extra vitality 1
a: no special abilities


You were on level 2 of the Dungeon.
You visited 1 branch of the dungeon, and saw 2 of its levels.

You collected 59 gold pieces.

Inventory:

Hand Weapons
 b - a +0 dagger (weapon)
Armour
 a - a +0 robe (worn)
Scrolls
 c - 2 scrolls of identify {unknown}
 d - a scroll of fog {unknown}
Potions
 e - a potion of brilliance {unknown}


   Skills:
 - Level 2.1 Dodging
 - Level 1.5 Stealth
 + Level 3.5 Spellcasting


You couldn't memorise any spells.
You knew the following spells:

 Your Spells              Type           Power      Damage    Failure   Level
a - Foxfire               Conj/Fire      60%        2x1d7     3%          1
b - Scorch                Fire           30%        2d7       5%          2
c - Conjure Flame         Conj/Fire      15%        6-21      11%         3
d - Inner Flame           Hex/Fire       15%        N/A       11%         3
e - Flame Wave            Conj/Fire      15%        2d5       34%         4
f - Freeze                Ice            60%        1d8       3%          1
Your spell library was empty.

Dungeon Overview and Level Annotations

Branches:
Dungeon (2/15)

Altars:

Annotations:
D:2 Sigmund


Innate Abilities, Weirdness & Mutations

You are immune to sickness and miasma.
You are immune to poison.
Your flesh is very heat resistant. (rF++)
You are vulnerable to cold. (rC-)
You float through the air rather than walking.
You learn spells naturally, not from books.
Your magical power is your life essence.
You have superior vitality. (+4 MHP)


Message History

Done exploring.
(D) Dungeon
Where to? (? - help)
There is a stone staircase leading down here.
You fly downwards.
Found a sedimented blue potion.
There is a stone staircase leading up here.
e - a sedimented blue potion
There is a stone staircase leading up here.
A ball python and Sigmund come into view.
Sigmund is wielding a +0 scythe and wearing a +2 robe of willpower.
Sigmund shouts!
The ball python hisses angrily.
The ball python moves out of view.
An adder comes into view.
You conjure some foxfire!
The adder hisses angrily.
Sigmund casts a spell.
Sigmund flickers and vanishes!
Deactivating autopickup; reactivate with Ctrl-A.
The foxfire hits the adder.
The adder is moderately wounded.
A frilled lizard comes into view.
You conjure some foxfire!
The foxfire hits something.
The foxfire hits the adder.
The adder is almost dead.
The foxfire hits the adder.
You kill the adder!
You conjure some foxfire!
The foxfire hits something.
The foxfire hits something but does no damage.
Something hits you.
You conjure some foxfire!
The ball python closely misses you. The ball python barely misses you.
The foxfire hits the ball python.
The ball python is moderately wounded.
The foxfire hits something.
Something hits you! The ball python barely misses you.
The ball python grabs you. The ball python constricts you.
You are too injured to fight recklessly!
Are you sure you want to abandon this character and quit the game? (Confirm with "yes".)

#.#####..####
#...........#
.......#.###.# #
##.##..#.###.#.#
#..........#
##.#..##.###
.###.......#
........####
######.@.# #.Sl#
#.{.# #.?.#
#.... ......
...... ........


You could see a ball python and a frilled lizard.

Vanquished Creatures
  An adder (D:2)
  4 dart slugs (D:1)
  A ball python (D:1)
  3 bats (D:1)
  3 goblins (D:1)
  3 hobgoblins (D:1)
  4 jackals (D:1)
  3 kobolds (D:1)
  A quokka (D:1)
  3 frilled lizards (D:1)
26 creatures vanquished.

Vanquished Creatures (others)
  76 foxfires
76 creatures vanquished.

Grand Total: 102 creatures vanquished

Notes
Turn   | Place    | Note
-------+----------+-------------------------------------------
     0 | D:1      | riojii the Djinni Fire Elementalist began the quest for the
                  | Orb.
     0 | D:1      | Reached XP level 1. HP: 15/15 MP: 0/0
   201 | D:1      | Reached XP level 2. HP: 18/21 MP: 0/0
   525 | D:1      | Reached skill level 3 in Spellcasting
   575 | D:1      | HP: 1/21 [frilled lizard (2)]
   584 | D:1      | Reached XP level 3. HP: 2/25 MP: 0/0
   584 | D:1      | Learned a level 1 spell: Freeze
  1622 | D:2      | Noticed Sigmund
  1631 | D:2      | Quit the game

Illustrated notes

Levels and vault maps discovered:
D:1:      lightli_molten_gateway, layout_loops_ring
D:2:      layout_loops_cross, uniq_sigmund

Skill      XL: |  1  2 |
---------------+-------+-----
Spellcasting   | 3 |  3.5
Dodging        | |  2.1
Stealth        | |  1.5

Action                   || total
-------------------------++-------
Melee: Dagger            ||     1
 Cast: Foxfire           ||    46
       Scorch            ||     4
Armor: Robe              ||     4
Dodge: Dodged            ||    27

Table legend: (Time is in decaauts)
 A = Elapsed time spent in this place.
 B = Non-inter-level travel time spent in this place.
 C = Inter-level travel time spent in this place.
 D = Time resting spent in this place.
 E = Time spent auto-exploring this place.
 F = Levels seen in this place.
 G = Mean time per level.
                   A        B        C        D        E       F      G
               +--------+--------+--------+--------+--------+-----+--------+
         Total |   1630 |   1613 |     17 |      0 |   1429 |   2 |  815.0 |
       Dungeon |   1630 |   1613 |     17 |      0 |   1429 |   2 |  815.0 |
               +--------+--------+--------+--------+--------+-----+--------+

Top non-repeatable levels by time:
     D:1: 1599 daAuts
     D:2: 30 daAuts
